 Dungeon Crawl Stone Soup version 0.31.0-9-g3a7656b989 (webtiles) character file.

Game seed: 15413009161421432115

46 qw the Shooter (level 3, -3/18 HPs)
             Began as a Spriggan Hunter on Feb 2, 2024.
             Slain by a goblin
             ... wielding a +0 dagger
             ... led by Robin
              (5 damage)
             ... on level 2 of the Dungeon.
             The game lasted 00:00:02 (556 turns).

qw the Shooter (Spriggan Hunter)                     Turns: 556, Time: 00:00:02

Health: -3/18      AC:  2    Str:  7    XL:     3   Next: 46%
Magic:  4/4        EV: 19    Int: 10    God:
Gold:   44         SH:  0    Dex: 20    Spells: 2/2 levels left

rFire   . . .        a - +0 shortbow
rCold   . . .        (shield currently unavailable)
rNeg    . . .        c - +0 robe
rPois   .            (helmet restricted)
rElec   .            (no cloak)
rCorr   .            (gloves unavailable)
SInv    +            (boots unavailable)
Will    .....        (no amulet)
Stlth   ++           (no ring)
HPRegen 0.23/turn    (no ring)
MPRegen 0.09/turn

%: no passive effects
@: very quick
A: very small, no large weapons, unfitting armour, see invisible, speed 3
a: no special abilities


You were on level 2 of the Dungeon.
You visited 1 branch of the dungeon, and saw 2 of its levels.

You collected 44 gold pieces.


Innate Abilities, Weirdness & Mutations

You are very small and have problems with some larger weapons.
You are too small for most types of armour.
You have supernaturally acute eyesight. (SInv)
You cover ground extremely quickly. (Speed+++)


   Skills:
 - Level 1.5 Fighting
 + Level 4.7 Ranged Weapons
 - Level 4.0 Dodging
 - Level 1.5 Stealth


You had 2 spell levels left.
You didn't know any spells.
Your spell library was empty.

Inventory:

Hand Weapons
 a - a +0 shortbow (weapon)
Armour
 c - a +0 robe (worn)
Potions
 b - a potion of lignification {unknown}
 d - a potion of might {unknown}
 f - a potion of curing {unknown}

Dungeon Overview and Level Annotations

Branches:
Dungeon (2/15)

Altars:

Annotations:
D:2 Robin


Message History

The arrow hits the hobgoblin but does no damage.
You shoot an arrow. The arrow barely misses the hobgoblin.
The goblin closely misses you. The hobgoblin closely misses you.
You shoot an arrow. The arrow hits the hobgoblin.
The hobgoblin is almost dead.
The hobgoblin misses you.
You shoot an arrow. The arrow hits the hobgoblin.
You kill the hobgoblin!
Robin completely misses you. The goblin closely misses you.
You shoot an arrow. The arrow hits Robin.
Robin is lightly wounded.
Robin closely misses you. The goblin misses you. Robin closely misses you.
The goblin completely misses you.
You shoot an arrow. The arrow hits Robin.
Robin is moderately wounded.
The goblin hits you with a +0 dagger. Robin hits you but does no damage.
You shoot an arrow. The arrow hits Robin.
Robin is moderately wounded.
The goblin misses you. Robin throws the goblin at you!
You shoot an arrow.
The arrow hits Robin but does no damage.
Robin is moderately wounded.
The goblin no longer looks unusually strong.
The goblin closely misses you.
Robin roars a battlecry!
The goblin goes into a battle-frenzy!
You shoot an arrow. The arrow hits Robin.
Robin is severely wounded.
Robin barely misses you. The goblin hits you with a +0 dagger.
You shoot an arrow. The arrow hits Robin.
Robin is severely wounded.
The goblin barely misses you. Robin barely misses you.
You shoot an arrow. The arrow closely misses Robin.
Robin misses you. The goblin hits you with a +0 dagger. Robin misses you.
The goblin closely misses you.
You shoot an arrow.
The arrow hits Robin but does no damage.
Robin is severely wounded.
The goblin hits you with a +0 dagger.
You die...

.... ... ...
#.) # #.#
#.#####)#
#...<##g#####..
####..)@.......
#..)g..#####
#......#
########


You could see Robin and a goblin (strong).

Vanquished Creatures
  A gnoll (D:1)
  A dart slug (D:2)
  A bat (D:1)
  3 endoplasms (D:1)
  2 giant cockroaches (D:1)
  5 hobgoblins
  2 jackals (D:1)
  A ball python (D:1)
  2 frilled lizards (D:1)
  8 goblins (D:2)
  3 kobolds (D:1)
  2 rats (D:1)
31 creatures vanquished.

Notes
Turn   | Place    | Note
-------+----------+-------------------------------------------
     0 | D:1      | qw the Spriggan Hunter began the quest for the Orb.
     0 | D:1      | Reached XP level 1. HP: 10/10 MP: 2/2
     0 | D:1      | 0 ||| qw: Version: 0.3-a-155-g5e7d8dd
     0 | D:1      | 0 ||| qw: Game counter: 1656
     0 | D:1      | 0 ||| qw: Melee chars always use a shield: true
     0 | D:1      | 0 ||| qw: God list: Okawaru
     0 | D:1      | 0 ||| qw: Allow faded altars: false
     0 | D:1      | 0 ||| qw: Do Orc after clearing Dungeon:15 true
     0 | D:1      | 0 ||| qw: Do second Lair branch before Depths: true
     0 | D:1      | 0 ||| qw: Lair rune preference: random
     0 | D:1      | 0 ||| qw: Goals: Normal
     0 | D:1      | 0 ||| PLANNING D:1-11
    33 | D:1      | Reached skill level 3 in Dodging
    63 | D:1      | 63 ||| READING scroll labelled DONUNU TUDWU.
    63 | D:1      | 63 ||| ENCHANTING +0 shortbow.
    64 | D:1      | 64 ||| DROPPING scroll of butterflies.
   224 | D:1      | Reached XP level 2. HP: 14/14 MP: 3/3
   363 | D:1      | Reached XP level 3. HP: 17/18 MP: 4/4
   507 | D:1      | 507 ||| READING scroll labelled YMASAX CECIDD.
   541 | D:2      | Noticed Robin
   553 | D:2      | HP: 2/18 [goblin/+0 dagger[Robin] (4)]
   556 | D:2      | Slain by a goblin

Levels and vault maps discovered:
D:1:      amcnicky_arrival_underground_garden, layout_rooms,
          nicolae_concentric_dashed_squares_wild, minmay_tiny_reverse_x
D:2:      layout_basic, uniq_robin

Skill      XL: |  1  2 |
---------------+-------+-----
Dodging        | 3 4 |  4.0
Fighting       | |  1.5
Ranged Weapons | |  4.7
Stealth        | |  1.5

Action                     || total
---------------------------++-------
   Fire: Shortbow          ||    91
    Use: Scroll            ||     2
 Armour: Robe              ||    17
  Dodge: Dodged            ||    49

Table legend:
 A = Non-vault XP
 B = Vault XP
 C = Vault XP percentage of total XP
 D = Non-vault monster count
 E = Vault monster count
 F = Vault count percentage of total count
                 A         B        C        D         E       F
            +---------+---------+-------+---------+---------+-------
      Total |      44 |      23 |  34.3 |      18 |      13 |  41.9
            +---------+---------+-------+---------+---------+-------
        D:1 |      40 |       4 |   9.1 |      17 |       2 |  10.5
        D:2 |       4 |      19 |  82.6 |       1 |      11 |  91.7
            +---------+---------+-------+---------+---------+-------
